TOP OF THE 1ST |
D.C. Divided batting - Pitching for Seattle Aviators : RHP Rex Hood
|
Pitching: RHP Rex Hood
|
|
Batting: RHB Tony Romero
|
0-0: Ball 1-0: Foul Ball, location: 2F 1-1: Swinging Strike 1-2: Ground out 1-3 (Groundball, 25)
|
Batting: LHB Keith Bridges
|
0-0: Called Strike 0-1: Ball 1-1: Called Strike 1-2: Fly out, F6 (Popup, 6D)
|
Batting: LHB Ray Sears
|
0-0: Ball 1-0: SINGLE (Line Drive, 56)
|
Batting: LHB Mike Gardner
|
0-0: Ball 1-0: Fly out, F4 (Popup, 4)
|
Top of the 1st over - 0 run(s), 1 hit(s), 0 error(s), 1 left on base; D.C. 0 - Seattle 0 |
BOTTOM OF THE 1ST |
Seattle Aviators batting - Pitching for D.C. Divided : RHP José Alaniz
|
Pitching: RHP José Alaniz
|
|
Batting: RHB Randolph Davis
|
0-0: Ball 1-0: Ball 2-0: Ground out 6-3 (Groundball, 6)
|
Batting: RHB Brian Williams
|
0-0: Ball 1-0: Ball 2-0: Called Strike 2-1: Swinging Strike 2-2: Ground out 5-3 (Groundball, 5)
|
Batting: RHB Sean Davis
|
0-0: Called Strike 0-1: Swinging Strike 0-2: Reaches on Catchers interference
|
Batting: LHB Jorge Mojica
|
0-0: Ball 1-0: Swinging Strike 1-1: Ball 2-1: Foul Ball, location: 2F 2-2: Foul Ball, location: 2F 2-2: SINGLE (Groundball, 4MD) Sean Davis to second Runner from 2nd tries for 3rd, SAFE, throw made to third
|
Batting: RHB Tanyu Kimura
|
0-0: Ball 1-0: Ball 2-0: Ball 3-0: Base on Balls Jorge Mojica to second
|
Batting: RHB Kenzaburo Hori
|
0-0: Ball 1-0: Foul Ball, location: 2F 1-1: Ball 2-1: Called Strike 2-2: Foul Ball, location: 2F 2-2: Fly out, F9 (Flyball, 9LM)
|
Bottom of the 1st over - 0 run(s), 1 hit(s), 1 error(s), 3 left on base; D.C. 0 - Seattle 0 |
TOP OF THE 2ND |
D.C. Divided batting - Pitching for Seattle Aviators : RHP Rex Hood
|
Batting: RHB Miguel Silva
|
0-0: Called Strike 0-1: Ball 1-1: Foul Ball, location: 2F 1-2: Ball 2-2: Ball 3-2: Foul Ball, location: 2F 3-2: Strikes out looking
|
Batting: LHB Charles Mathes
|
0-0: Ball 1-0: Ball 2-0: Foul Ball, location: 2F 2-1: Ground out U3 (Groundball, 3)
|
Batting: LHB Brad Elmore
|
0-0: Ball 1-0: Foul Ball, location: 2F 1-1: Swinging Strike 1-2: Ball 2-2: Foul Ball, location: 2F 2-2: Foul Ball, location: 2F 2-2: DOUBLE (Flyball, 78XD)
|
Batting: SHB Félix Cruz
|
0-0: Ball 1-0: Foul Ball, location: 2F 1-1: SINGLE (Groundball, 34S) Brad Elmore to third Runner from 3rd tries for Home, throw and OUT!
|
Top of the 2nd over - 0 run(s), 2 hit(s), 0 error(s), 1 left on base; D.C. 0 - Seattle 0 |
BOTTOM OF THE 2ND |
Seattle Aviators batting - Pitching for D.C. Divided : RHP José Alaniz
|
Batting: RHB Vernon Caw
|
0-0: Ball 1-0: Called Strike 1-1: Swinging Strike 1-2: Ball 2-2: Ball 3-2: Strikes out swinging
|
Batting: LHB Kenny Webster
|
0-0: Called Strike 0-1: Ground out 4-3 (Groundball, 4)
|
Batting: RHB Clarence Fox
|
0-0: Ball 1-0: Foul Ball, location: 2F 1-1: Ball 2-1: Foul Ball, location: 2F 2-2: Ball 3-2: SINGLE (Groundball, 6MD)
|
Batting: RHB Randolph Davis
|
0-0: Ball 1-0: Foul Ball, location: 2F 1-1: Ball 2-1: Foul Ball, location: 2F 2-2: Ground out 5-3 (Groundball, 56S)
|
Bottom of the 2nd over - 0 run(s), 1 hit(s), 0 error(s), 1 left on base; D.C. 0 - Seattle 0 |
TOP OF THE 3RD |
D.C. Divided batting - Pitching for Seattle Aviators : RHP Rex Hood
|
Batting: RHB Cristo González
|
0-0: Ball 1-0: Ground out 6-3 (Groundball, 6)
|
Batting: RHB Tony Romero
|
0-0: Ground out 6-3 (Groundball, 6M)
|
Batting: LHB Keith Bridges
|
0-0: DOUBLE (Flyball, 8LXD)
|
Batting: LHB Ray Sears
|
0-0: Foul Ball, location: 2F 0-1: Ground out 4-3 (Groundball, 4)
|
Top of the 3rd over - 0 run(s), 1 hit(s), 0 error(s), 1 left on base; D.C. 0 - Seattle 0 |
BOTTOM OF THE 3RD |
Seattle Aviators batting - Pitching for D.C. Divided : RHP José Alaniz
|
Batting: RHB Brian Williams
|
0-0: Called Strike 0-1: Foul Ball, location: 2F 0-2: Fly out, F8 (Flyball, 8RD)
|
Batting: RHB Sean Davis
|
0-0: Ball 1-0: Swinging Strike 1-1: Ball 2-1: Ball 3-1: Fly out, F4 (Popup, 4)
|
Batting: LHB Jorge Mojica
|
0-0: Ball 1-0: Called Strike 1-1: Swinging Strike 1-2: Foul Ball, location: 2F 1-2: Ball 2-2: Ball 3-2: Foul Ball, location: 2F 3-2: Foul Ball, location: 2F 3-2: SINGLE (Line Drive, 34D)
|
Batting: RHB Tanyu Kimura
|
0-0: Called Strike 0-1: Foul Ball, location: 2F 0-2: Foul Ball, location: 2F 0-2: Reached on error, E6 (Groundball, 6) Jorge Mojica to second
|
Batting: RHB Kenzaburo Hori
|
0-0: Called Strike 0-1: Ball 1-1: Foul Ball, location: 2F 1-2: Fielders Choice at 2nd, 6-4 (Groundball, 6)
|
Bottom of the 3rd over - 0 run(s), 1 hit(s), 1 error(s), 1 left on base; D.C. 0 - Seattle 0 |
TOP OF THE 4TH |
D.C. Divided batting - Pitching for Seattle Aviators : RHP Rex Hood
|
Batting: LHB Mike Gardner
|
0-0: Called Strike 0-1: Called Strike 0-2: Fly out, F8 (Flyball, 78M)
|
Batting: RHB Miguel Silva
|
0-0: Ball 1-0: Ball 2-0: Fly out, F7 (Line Drive, 7M)
|
Batting: LHB Charles Mathes
|
0-0: SINGLE (Line Drive, 9S)
|
Batting: LHB Brad Elmore
|
0-0: Called Strike 0-1: Ball 1-1: SINGLE (Flyball, 7LS) Charles Mathes to second
|
Batting: SHB Félix Cruz
|
0-0: SINGLE (Line Drive, 78S) Charles Mathes to third Brad Elmore to second Runner from 3rd tries for Home, SAFE, no throw or cutoff
|
Batting: RHB Cristo González
|
0-0: Called Strike 0-1: Fielders Choice at 2nd, 5-4 (Groundball, 56)
|
Top of the 4th over - 1 run(s), 3 hit(s), 0 error(s), 1 left on base; D.C. 1 - Seattle 0 |
BOTTOM OF THE 4TH |
Seattle Aviators batting - Pitching for D.C. Divided : RHP José Alaniz
|
Batting: RHB Vernon Caw
|
0-0: Called Strike 0-1: DOUBLE (Line Drive, 89D)
|
Batting: LHB Kenny Webster
|
0-0: 2-RUN HOME RUN (Flyball, 89XD), Distance : 381 ft
|
Batting: RHB Clarence Fox
|
0-0: Called Strike 0-1: Ball 1-1: Ball 2-1: Ground out 5-3 (Groundball, 5S)
|
Batting: RHB Randolph Davis
|
0-0: Ball 1-0: Foul Ball, location: 2F 1-1: Called Strike 1-2: DOUBLE (Line Drive, 3L)
|
Batting: RHB Brian Williams
|
0-0: Called Strike 0-1: Ball 1-1: Ball 2-1: Foul Ball, location: 2F 2-2: Ball 3-2: Ground out 4-3 (Groundball, 4) Randolph Davis to third
|
Batting: RHB Sean Davis
|
0-0: Foul Ball, location: 2F 0-1: Swinging Strike 0-2: Foul Ball, location: 2F 0-2: SINGLE (Groundball, 56D) Randolph Davis scores
|
Batting: LHB Jorge Mojica
|
0-0: Called Strike 0-1: Foul Ball, location: 2F 0-2: Foul Ball, location: 2F 0-2: Foul Ball, location: 2F 0-2: Ball 1-2: SINGLE (Groundball, 4MD) (infield hit) Sean Davis to second
|
Batting: RHB Tanyu Kimura
|
0-0: Called Strike 0-1: TRIPLE (Line Drive, 8LD) Sean Davis scores Jorge Mojica scores
|
Batting: RHB Kenzaburo Hori
|
0-0: Swinging Strike 0-1: SINGLE (Line Drive, 56) Tanyu Kimura scores
|
Pitching: RHP Lawrence Bignold
|
|
Batting: RHB Vernon Caw
|
0-0: Foul Ball, location: 2F 0-1: Foul Ball, location: 2F 0-2: Strikes out swinging
|
Bottom of the 4th over - 6 run(s), 7 hit(s), 0 error(s), 1 left on base; D.C. 1 - Seattle 6 |
TOP OF THE 5TH |
D.C. Divided batting - Pitching for Seattle Aviators : RHP Rex Hood
|
Batting: RHB Tony Romero
|
0-0: Ground out 6-3 (Groundball, 56)
|
Batting: LHB Keith Bridges
|
0-0: Ground out 4-3 (Groundball, 13)
|
Batting: LHB Ray Sears
|
0-0: Foul Ball, location: 2F 0-1: DOUBLE (Line Drive, 8LXD)
|
Batting: LHB Mike Gardner
|
0-0: Ball 1-0: Ball 2-0: Ball 3-0: Base on Balls
|
Batting: RHB Miguel Silva
|
0-0: SINGLE (Line Drive, 7LS) Ray Sears to third Mike Gardner to second Runner from 3rd tries for Home, SAFE, no throw or cutoff
|
Batting: LHB Charles Mathes
|
0-0: Called Strike 0-1: Foul Ball, location: 2F 0-2: Strikes out looking
|
Top of the 5th over - 1 run(s), 2 hit(s), 0 error(s), 2 left on base; D.C. 2 - Seattle 6 |
BOTTOM OF THE 5TH |
Seattle Aviators batting - Pitching for D.C. Divided : RHP Lawrence Bignold
|
Batting: LHB Kenny Webster
|
0-0: Ball 1-0: Ball 2-0: Foul Ball, location: 2F 2-1: Called Strike 2-2: Fly out, F8 (Flyball, 78S)
|
Batting: RHB Clarence Fox
|
0-0: Called Strike 0-1: Foul Ball, location: 2F 0-2: SINGLE (Groundball, 56D)
|
Batting: RHB Randolph Davis
|
0-0: Ball 1-0: Called Strike 1-1: Grounds into double play, U6-3 (Groundball, 6M)
|
Bottom of the 5th over - 0 run(s), 1 hit(s), 0 error(s), 0 left on base; D.C. 2 - Seattle 6 |
TOP OF THE 6TH |
D.C. Divided batting - Pitching for Seattle Aviators : RHP Rex Hood
|
Batting: LHB Brad Elmore
|
0-0: Swinging Strike 0-1: SINGLE (Groundball, 25) (infield hit)
|
Batting: SHB Félix Cruz
|
0-0: Ball 1-0: Foul Ball, location: 2F 1-1: Ball 2-1: Ball 3-1: Foul Ball, location: 2F 3-2: Fly out, F3 (Popup, 2R)
|
Batting: RHB Cristo González
|
0-0: Called Strike 0-1: DOUBLE (Flyball, 78D) Brad Elmore to third
|
Batting: RHB Tony Romero
|
0-0: Ball 1-0: Ball 2-0: Foul Ball, location: 2F 2-1: Ball 3-1: SINGLE (Groundball, 56D) Brad Elmore scores Cristo González to third Runner from 3rd tries for Home, SAFE, no throw or cutoff
|
Batting: LHB Keith Bridges
|
0-0: Ball 1-0: Swinging Strike 1-1: Ball 2-1: Foul Ball, location: 2F 2-2: Ball Tony Romero is caught stealing 2nd base 3-2: Foul Ball, location: 2F 3-2: DOUBLE (Groundball, 3L)
|
Batting: LHB Ray Sears
|
0-0: Ball 1-0: Ball 2-0: Called Strike 2-1: Ground out 6-3 (Groundball, 6M)
|
Top of the 6th over - 2 run(s), 4 hit(s), 0 error(s), 1 left on base; D.C. 4 - Seattle 6 |
BOTTOM OF THE 6TH |
Seattle Aviators batting - Pitching for D.C. Divided : RHP Lawrence Bignold
|
Batting: RHB Brian Williams
|
0-0: Ball 1-0: Called Strike 1-1: Called Strike 1-2: Ball 2-2: Strikes out swinging
|
Batting: RHB Sean Davis
|
0-0: Ball 1-0: Ball 2-0: Called Strike 2-1: Ball 3-1: Base on Balls
|
Batting: LHB Jorge Mojica
|
0-0: Ball 1-0: Ball 2-0: Ball 3-0: Called Strike 3-1: Base on Balls Sean Davis to second
|
Batting: RHB Tanyu Kimura
|
0-0: Swinging Strike 0-1: Fly out, F7 (Flyball, 7M)
|
Batting: RHB Kenzaburo Hori
|
0-0: Called Strike 0-1: Ball 1-1: Ball 2-1: Foul Ball, location: 2F 2-2: Ball 3-2: Base on Balls Sean Davis to third Jorge Mojica to second
|
Batting: RHB Vernon Caw
|
0-0: Fly out, F9 (Line Drive, 9M)
|
Bottom of the 6th over - 0 run(s), 0 hit(s), 0 error(s), 3 left on base; D.C. 4 - Seattle 6 |
TOP OF THE 7TH |
D.C. Divided batting - Pitching for Seattle Aviators : RHP Rex Hood
|
Batting: LHB Mike Gardner
|
0-0: Foul Ball, location: 2F 0-1: Foul Ball, location: 2F 0-2: Ball 1-2: Foul Ball, location: 2F 1-2: Ball 2-2: Ball 3-2: SINGLE (Line Drive, 89S)
|
Batting: RHB Miguel Silva
|
0-0: Ball 1-0: Grounds into double play, 6-4-3 (Groundball, 6)
|
Batting: LHB Charles Mathes
|
0-0: Ball 1-0: Called Strike 1-1: Ground out 6-3 (Groundball, 6)
|
Top of the 7th over - 0 run(s), 1 hit(s), 0 error(s), 0 left on base; D.C. 4 - Seattle 6 |
BOTTOM OF THE 7TH |
Seattle Aviators batting - Pitching for D.C. Divided : RHP Lawrence Bignold
|
Batting: LHB Kenny Webster
|
0-0: Swinging Strike 0-1: Foul Ball, location: 2F 0-2: Strikes out swinging
|
Batting: RHB Clarence Fox
|
0-0: Ball 1-0: Ball 2-0: Ball 3-0: Called Strike 3-1: Foul Ball, location: 2F 3-2: Fly out, F9 (Line Drive, 89D)
|
Batting: RHB Randolph Davis
|
0-0: Called Strike 0-1: Called Strike 0-2: Strikes out swinging
|
Bottom of the 7th over - 0 run(s), 0 hit(s), 0 error(s), 0 left on base; D.C. 4 - Seattle 6 |
TOP OF THE 8TH |
D.C. Divided batting - Pitching for Seattle Aviators : RHP Rex Hood
|
Now at 3B: Tynan Hawkins
|
|
Now in RF: Ramón García
|
|
Batting: LHB Brad Elmore
|
0-0: Called Strike 0-1: Ball 1-1: Ball 2-1: Ball 3-1: Base on Balls
|
Batting: SHB Félix Cruz
|
0-0: Called Strike 0-1: Foul Ball, location: 2F 0-2: Fly out, F9 (Flyball, 89D)
|
Batting: RHB Cristo González
|
0-0: Ball 1-0: Ball 2-0: Called Strike 2-1: Foul Ball, location: 2F 2-2: Grounds into double play, 6-4-3 (Groundball, 6)
|
Top of the 8th over - 0 run(s), 0 hit(s), 0 error(s), 0 left on base; D.C. 4 - Seattle 6 |
BOTTOM OF THE 8TH |
Seattle Aviators batting - Pitching for D.C. Divided : RHP Lawrence Bignold
|
Batting: RHB Brian Williams
|
0-0: Fly out, F7 (Flyball, 78D)
|
Pitching: RHP Albert Castillo
|
|
Batting: RHB Sean Davis
|
0-0: Ball 1-0: Hit by Pitch
|
Batting: LHB Jorge Mojica
|
0-0: Ball 1-0: Foul Ball, location: 2F 1-1: Foul Ball, location: 2F 1-2: Ball 2-2: Grounds into double play, 4-6-3 (Groundball, 4M)
|
Bottom of the 8th over - 0 run(s), 0 hit(s), 0 error(s), 0 left on base; D.C. 4 - Seattle 6 |
TOP OF THE 9TH |
D.C. Divided batting - Pitching for Seattle Aviators : RHP Rex Hood
|
Batting: RHB Tony Romero
|
0-0: Ball 1-0: Swinging Strike 1-1: Called Strike 1-2: Foul Ball, location: 2F 1-2: Strikes out swinging
|
Batting: LHB Keith Bridges
|
0-0: Foul Ball, location: 2F 0-1: Ball 1-1: Foul Ball, location: 2F 1-2: Strikes out looking
|
Pitching: RHP Ken Hinkle
|
|
Batting: LHB Ray Sears
|
0-0: Called Strike 0-1: Called Strike 0-2: Foul Ball, location: 2F 0-2: Strikes out looking
|
Top of the 9th over - 0 run(s), 0 hit(s), 0 error(s), 0 left on base; D.C. 4 - Seattle 6 |
|